AoeStats
← renatoherrera1999

Hideout

508801042Analyzed
1v1 RM · 8d ago on Sep 24, 2026· 43m 42s· 2 players
Game mode
Random Map
Map size
Tiny (2 player)
Population
200
Speed
Normal
Resources
Standard
Victory
Conquest
Starting age
Dark Age
Ending age
Imperial Age
RankedLock teamsTeams togetherTeam positionsShared explorationLock speedFull tech treeHidden civsTurbo modeCheats
Victory
Defeat
🇵🇪 Celts · Peru
390
+15
🇵🇪 Inca · Peru
362
-15
renatoherrera1999
10:00 Feudal Age
10:47 Double-Bit Axe
11:57 Wheelbarrow
12:01 Champi Runner
14:09 Gold Mining
15:32 Horse Collar
18:33 Loom
23:28 Castle Age
22:46 Scale Mail Armor
23:05 Stone Mining
23:30 Fletching
24:01 Town Watch
24:32 Crossbowman
25:19 Champi Warrior
28:23 Hand Cart
29:52 Bodkin Arrow
31:41 Town Patrol
31:54 Bow Saw
34:12 Thumb Ring
40:27 Imperial Age
40:46 Arbalester
diegopugac03
0:27 Loom
11:23 Feudal Age
11:54 Double-Bit Axe
11:51 Horse Collar
15:19 Arson
15:32 Man-at-Arms
19:50 Gold Mining
19:50 Stone Mining
27:00 Castle Age
25:27 Forging
25:19 Scale Mail Armor
25:13 Fletching
27:13 Long Swordsman
27:38 Gambesons
27:14 Pikeman
28:37 Gold Shaft Mining
28:12 Heavy Plow
30:55 Stone Shaft Mining
31:11 Iron Casting
33:34 Bow Saw
39:32 Imperial Age
39:33 Elite Woad Raider
43:15 Hoardings
43:21 Hoardings
Connection lost

Rejoining the realm…

Still unreachable

The connection could not be restored.

Session expired

The server has moved on; the page needs a fresh start.